 Dungeon Crawl Stone Soup version 0.29-a0-676-ga64570c9d2 (webtiles) character file.

Game seed: 10562325625352386379

77 testman the Cudgeller (level 4, -7/32 HPs)
             Began as a Gnoll Wanderer on June 24, 2022.
             Was an Elder of Uskayaw.
             Mangled by a worm (9 damage)
             ... on level 3 of the Dungeon.
             The game lasted 00:05:54 (1491 turns).

testman the Cudgeller (Gnoll Wanderer)              Turns: 1491, Time: 00:05:55

Health: -7/32      AC:  6    Str: 15    XL:     4   Next: 33%
Magic:  2/8        EV: 12    Int: 10    God:    Uskayaw [****..]
Gold:   126        SH:  0    Dex: 11    Spells: 8/9 levels left

rFire   + . .      SeeInvis .   a - +0 flail
rCold   . . .      Faith    .   (no shield)
rNeg    . . .      Spirit   .   o - +1 leather armour {rF+}
rPois   .          Reflect  .   q - +1 helmet
rElec   .          Harm     .   (no cloak)
rCorr   .          Rampage  .   (no gloves)
Will    +....                   (no boots)
Stlth   +.........              (no amulet)
HPRegen 0.10/turn               p - ring of willpower
MPRegen 0.11/turn               s - ring of wizardry

@: no status effects
A: fangs 1, strong nose, distributed training
a: Renounce Religion, Stomp, Line Pass


You were on level 3 of the Dungeon.
You worshipped Uskayaw.
Uskayaw was noncommittal.
You visited 1 branch of the dungeon, and saw 3 of its levels.

You collected 126 gold pieces.

Inventory:

Hand Weapons
 a - a +0 flail (weapon)
 b - a +0 hunting sling
Missiles
 r - 4 poisoned darts
Armour
 c - a +0 ring mail
 o - a +1 leather armour of fire resistance (worn)
 q - a +1 helmet (worn)
Jewellery
 p - a ring of willpower (left hand)
 s - a ring of wizardry (right hand)
Scrolls
 g - a scroll of enchant weapon {unknown}
 h - 4 scrolls of identify {unknown}
 j - a scroll of magic mapping {unknown}
 l - a scroll of noise {unknown}
 m - a scroll of teleportation {unknown}
 t - a scroll of amnesia {unknown}
Potions
 d - a potion of curing
 e - 2 potions of haste {unknown}
 f - 2 potions of might {unknown}
 i - a potion of attraction {unknown}
 k - a potion of degeneration {unknown}
 n - a potion of invisibility {unknown}


   Skills:
 + Level 1.1 Fighting
 + Level 1.1 Short Blades
 + Level 1.1 Long Blades
 + Level 1.1 Axes
 + Level 6.6 Maces & Flails
 + Level 1.1 Polearms
 + Level 1.1 Staves
 + Level 2.7 Slings
 + Level 1.1 Bows
 + Level 1.1 Crossbows
 + Level 1.1 Throwing
 + Level 4.6 Armour
 + Level 2.7 Dodging
 + Level 1.1 Stealth
 + Level 1.1 Shields
 + Level 1.1 Unarmed Combat
 + Level 3.0 Spellcasting
 + Level 0.8 Conjurations
 + Level 0.8 Hexes
 + Level 0.8 Summonings
 + Level 0.8 Necromancy
 + Level 0.8 Translocations
 + Level 0.8 Transmutations
 + Level 0.8 Fire Magic
 + Level 0.8 Ice Magic
 + Level 0.8 Air Magic
 + Level 0.8 Earth Magic
 + Level 0.8 Poison Magic
 + Level 1.2 Invocations
 + Level 4.6 Evocations


You had 8 spell levels left.
You knew the following spells:

 Your Spells              Type           Power      Damage    Failure   Level
a - Foxfire               Conj/Fire      12%        2x1d4     10%         1

Your spell library contained the following spells:

 Spells                   Type           Power      Damage    Failure   Level
 Sublimation of Blood     Necr           3%         N/A       14%         2
 Wereblood                Tmut           3%         N/A       14%         2
 Conjure Flame            Conj/Fire      3%         6-21      26%         3
 Frozen Ramparts          Ice            6%         1d2       26%         3
 Inner Flame              Hex/Fire       3%         N/A       26%         3
 Flame Wave               Conj/Fire      3%         2d4       65%         4
 Ice Form                 Ice/Tmut       3%         N/A       65%         4
 Summon Ice Beast         Ice/Summ       3%         N/A       65%         4
 Summon Hydra             Summ           1%         N/A       100%        7


Dungeon Overview and Level Annotations

Branches:
Dungeon (3/15)

Altars:
Uskayaw


Innate Abilities, Weirdness & Mutations

You have very sharp teeth.
Your uncanny sense of smell can sniff out nearby items.
Your experience applies equally to all skills.


Message History

The bat misses you. The bat closely misses you.
You thump the bat!
You kill the bat!
The bat barely misses you. The bat hits you but does no damage.
Uskayaw will force your foes to helplessly watch your dance.
Uskayaw prepares the audience for your solo!
The helpless bat fails to defend itself.
You hit the bat.
You kill the bat!
The worm is no longer paralysed. x3; The worm bites you.
You thump the worm!
The worm is severely wounded.
The worm bites you!
You hit the worm.
The worm is severely wounded.
The worm completely misses you.
You hit the worm.
The worm is severely wounded.
The worm closely misses you. The worm bites you.
You barely miss the worm. You bite the worm.
The worm is severely wounded.
Okay, then.
You hit the worm.
The worm is heavily wounded.
Uskayaw will force your foes to share their pain.
Uskayaw links your audience in an emotional bond!
You hit the worm.
You kill the worm! x2
Your Spellcasting skill increases to level 3!
You barely miss the worm.
The worm is heavily wounded.
You hit the worm.
The worm is severely wounded.
The worm is no longer sharing its pain.
The worm bites you!
* * * LOW HITPOINT WARNING * * *
Okay, then.
You barely miss the worm. You bite the worm, but do no damage.
The worm is severely wounded.
The worm bites you!
You die...

.##........#.#.########
.##........#.#........# .#
.+.........#.#........##...
.######......#....?[.....#
.+........####.........#.#∆
.######...# #....††.....#
..........# #.#.....#.....
..######'## #.#w##..)..##.
..# #.# #.#@...###.#
##.#####.#..#?#∆ ..∆
#[............# .
#######..#####.###....
#......†......... ...#..
#.############.## ......
................. .....#
#.######.......# ###.. #.#
#....####


You could see a worm.

Vanquished Creatures
  An adder (D:3)
  3 worms
  2 dart slugs (D:1)
  An orc (D:3)
  2 ball pythons
  3 endoplasms
  4 giant cockroaches
  2 goblins (D:2)
  7 hobgoblins
  6 jackals
  3 quokkas
  2 bats (D:3)
  8 kobolds
  2 rats
46 creatures vanquished.

Vanquished Creatures (others)
  8 foxfires (D:3)
  A plant (D:1)
9 creatures vanquished.

Grand Total: 55 creatures vanquished

Notes
Turn   | Place    | Note
-------+----------+-------------------------------------------
     0 | D:1      | testman the Gnoll Wanderer began the quest for the Orb.
     0 | D:1      | testman set off with the following items: a +0 flail, a +0
                  | hunting sling, a +0 ring mail, a potion of curing.
     0 | D:1      | Reached XP level 1. HP: 13/13 MP: 4/4
   108 | D:1      | Reached XP level 2. HP: 18/19 MP: 5/5
   557 | D:1      | Found a faded altar of an unknown god.
   565 | D:1      | Reached XP level 3. HP: 24/25 MP: 7/7
   571 | D:1      | Prayed at the altar of an unknown god.
   571 | D:1      | Became a worshipper of Uskayaw the Reveller
   571 | D:1      | Reached * piety under Uskayaw
   848 | D:2      | Reached skill level 1 in Invocations
   913 | D:2      | Reached ** piety under Uskayaw
  1314 | D:3      | Reached skill level 1 in Fighting
  1314 | D:3      | Reached skill level 1 in Short Blades
  1314 | D:3      | Reached skill level 1 in Long Blades
  1314 | D:3      | Reached skill level 1 in Axes
  1314 | D:3      | Reached skill level 1 in Polearms
  1314 | D:3      | Reached skill level 1 in Staves
  1314 | D:3      | Reached skill level 1 in Bows
  1314 | D:3      | Reached skill level 1 in Crossbows
  1314 | D:3      | Reached skill level 1 in Throwing
  1314 | D:3      | Reached skill level 1 in Stealth
  1314 | D:3      | Reached skill level 1 in Shields
  1314 | D:3      | Reached skill level 1 in Unarmed Combat
  1365 | D:3      | Learned a level 1 spell: Foxfire
  1460 | D:3      | Reached XP level 4. HP: 32/32 MP: 3/8
  1479 | D:3      | Reached *** piety under Uskayaw
  1487 | D:3      | Reached **** piety under Uskayaw
  1491 | D:3      | Mangled by a worm

Illustrated notes

Levels and vault maps discovered:
D:1:      matt_arrival_refuge, layout_rooms, dilly_ecumenical_altar_fadedgnrine,
          serial_bayou_ford_a
D:2:      layout_basic
D:3:      layout_basic, minmay_fractal_squares_5

Skill      XL: |  1  2  3  4 |
---------------+-------------+-----
Invocations    | 1 |  1.2
Fighting       | 1 |  1.1
Short Blades   | 1 |  1.1
Long Blades    | 1 |  1.1
Axes           | 1 |  1.1
Polearms       | 1 |  1.1
Staves         | 1 |  1.1
Bows           | 1 |  1.1
Crossbows      | 1 |  1.1
Throwing       | 1 |  1.1
Stealth        | 1 |  1.1
Shields        | 1 |  1.1
Unarmed Combat | 1 |  1.1
Spellcasting   | 3 |  3.0
Maces & Flails | |  6.6
Slings         | |  2.7
Armour         | |  4.6
Dodging        | |  2.7
Conjurations   | |  0.8
Hexes          | |  0.8
Summonings     | |  0.8
Necromancy     | |  0.8
Translocations | |  0.8
Transmutations | |  0.8
Fire Magic     | |  0.8
Ice Magic      | |  0.8
Air Magic      | |  0.8
Earth Magic    | |  0.8
Poison Magic   | |  0.8
Evocations     | |  4.6

Action                   |  1- 3 |  4- 6 || total
-------------------------+-------+-------++-------
Melee: Flail             |    88 |    24 ||   112
       Bite              |     8 |     3 ||    11
 Fire: Hunting sling     |    18 |       ||    18
 Cast: Foxfire           |     3 |     2 ||     5
Invok: Stomp             |       |     1 ||     1
  Use: Potion            |       |     1 ||     1
 Stab: Paralysed         |       |     1 ||     1
Armor: Ring mail         |    38 |       ||    38
       Leather armour    |       |    11 ||    11
Dodge: Dodged            |    38 |    27 ||    65

Table legend: (Time is in decaauts)
 A = Elapsed time spent in this place.
 B = Non-inter-level travel time spent in this place.
 C = Inter-level travel time spent in this place.
 D = Time resting spent in this place.
 E = Time spent auto-exploring this place.
 F = Levels seen in this place.
 G = Mean time per level.
                   A        B        C        D        E       F      G
               +--------+--------+--------+--------+--------+-----+--------+
         Total |   1506 |   1459 |     47 |      0 |   1122 |   3 |  502.0 |
       Dungeon |   1506 |   1459 |     47 |      0 |   1122 |   3 |  502.0 |
               +--------+--------+--------+--------+--------+-----+--------+

Top non-repeatable levels by time:
     D:1: 708 daAuts
     D:2: 564 daAuts
     D:3: 233 daAuts
